 Dungeon Crawl Stone Soup version 0.30-a0-847-g17996783a1 (webtiles) character file.

Game seed: 4613877739136008993

308 Airmonger the Shooter (level 6, -2/44 HPs)
             Began as a Human Hunter on Mar 3, 2023.
             Slain by a gnoll
             ... wielding a +0 spear
             ... led by a gnoll bouda
              (4 damage)
             ... on level 4 of the Dungeon.
             The game lasted 00:07:06 (2869 turns).

Airmonger the Shooter (Human Hunter)                Turns: 2869, Time: 00:07:07

Health: -2/44      AC:  3    Str: 11    XL:     6   Next: 68%
Magic:  6/6        EV: 12    Int: 15    God:
Gold:   159        SH:  0    Dex: 19    Spells: 5/5 levels left

rFire   . . .      SeeInvis .    a - +0 shortbow
rCold   . . .      Faith    .    (shield currently unavailable)
rNeg    . . .      Spirit   .    c - +0 leather armour
rPois   .          Reflect  .    (no helmet)
rElec   .          Rampage  .    (no cloak)
rCorr   .                        (no gloves)
Will    .....                    (no boots)
Stlth   ++                       (no amulet)
HPRegen 0.27/turn                h - +6 ring of intelligence
MPRegen 0.10/turn                (no ring)

@: no status effects
A: no striking features
a: no special abilities


You were on level 4 of the Dungeon.
You visited 1 branch of the dungeon, and saw 4 of its levels.

You collected 159 gold pieces.

Inventory:

Hand Weapons
 a - a +0 shortbow (weapon)
Missiles
 g - 4 throwing nets
Armour
 c - a +0 leather armour (worn)
Jewellery
 h - a +6 ring of intelligence (left hand)
Wands
 n - a wand of roots (6)
 u - a wand of light (6)
Scrolls
 b - a scroll of immolation
 f - 2 scrolls of enchant weapon {unknown}
 i - a scroll of amnesia {unknown}
 o - a scroll of enchant armour {unknown}
 q - 2 scrolls of identify {unknown}
 r - a scroll of vulnerability {unknown}
 t - a scroll of poison {unknown}
Potions
 d - a potion of haste {unknown}
 e - a potion of magic
 j - 2 potions of brilliance {unknown}
 k - a potion of heal wounds {unknown}
 l - 2 potions of might {unknown}
 m - a potion of degeneration {unknown}
 p - a potion of lignification {unknown}
 s - a potion of curing {unknown}
 v - a potion of mutation {unknown}


   Skills:
 - Level 2.0 Fighting
 + Level 7.5 Ranged Weapons
 - Level 2.0 Dodging
 - Level 1.0 Stealth


You had 5 spell levels left.
You didn't know any spells.
Your spell library contained the following spells:

 Spells                   Type           Power      Damage    Failure   Level
 Ensorcelled Hibernation  Hex/Ice        0%         N/A       47%         2
 Spider Form              Tmut/Pois      0%         N/A       71%         3
 Anguish                  Hex/Necr       0%         N/A       98%         4


Dungeon Overview and Level Annotations

Branches:
Dungeon (4/15)
 Temple: D:4-7

Altars:
Trog
Uskayaw
Vehumet
The Shining One

Shops:
D:3 :


Message History

You shoot an arrow. The arrow hits the gnoll!
You kill the gnoll!
The gnoll hits you from afar with a +0 spear. x3
Fire: a) +0 shortbow
Press: ? - help, Q - select action, (/) - cycle Shift-Dir - straight line, f - gnoll
Aim: a gnoll, wielding a +0 spear (69% to hit)
You shoot an arrow. The arrow hits the gnoll.
The gnoll is heavily wounded.
The gnoll hits you from afar with a +0 spear. x2
Fire: a) +0 shortbow
Press: ? - help, Q - select action, (/) - cycle Shift-Dir - straight line, f/p - gnoll
Aim: a gnoll, wielding a +0 spear (heavily wounded, 69% to hit)
You shoot an arrow. The arrow hits the gnoll.
The gnoll is heavily wounded.
The gnoll hits you from afar with a +0 spear. x2
Fire: a) +0 shortbow
Press: ? - help, Q - select action, (/) - cycle Shift-Dir - straight line, f/p - gnoll
Aim: a gnoll, wielding a +0 spear (heavily wounded, 69% to hit)
You shoot an arrow.
The arrow hits the gnoll but does no damage.
The gnoll is heavily wounded.
The gnoll hits you from afar with a +0 spear.
* * * LOW HITPOINT WARNING * * *
The gnoll hits you from afar with a +0 spear.
* * * LOW HITPOINT WARNING * * *
Fire: a) +0 shortbow
Press: ? - help, Q - select action, (/) - cycle Shift-Dir - straight line, f/p - gnoll
Aim: a gnoll, wielding a +0 spear (heavily wounded, 69% to hit)
You shoot an arrow. The arrow hits the gnoll.
The gnoll is severely wounded.
The gnoll is no longer moving quickly.
The gnoll hits you from afar with a +0 spear.
* * * LOW HITPOINT WARNING * * *
The gnoll misses you.
The gnoll hits you from afar with a +0 spear.
* * * LOW HITPOINT WARNING * * *
Okay, then.
It was a potion of magic.
Magic courses through your body.
The gnoll hits you from afar with a +0 spear.
You die...

.# .# ####....## .# # ###......#
.# ## .. .......#.## .# ..# #...#
.......##.# .###.###...#
#.....####.# #....#.....#
##..###.###..# ..........## )g).#
#.....## .).........######.g###
####..##
...............(@....######...###
..................##.#...........
............#.###.)...§......####
....##....##..# #.≈≈§§≈≈.....#
...........>.## #)≈≈§§§§.....####
#######.....## #§§§§8≈§.........
#........# #§§§§§§≈.....####
#........### #.≈≈≈≈≈≈.....#
######)....# #.≈§≈≈≈≈.....#


You could see 2 gnolls.

Vanquished Creatures
  A gnoll bouda (D:4)
  An iguana (D:4)
  Jessica (D:3)
  A sleepcap (D:4)
  7 gnolls
  4 adders
  7 worms
  3 dart slugs
  4 orcs (D:4)
  5 ball pythons
  15 bats
  4 endoplasms
  2 giant cockroaches (D:3)
  3 hobgoblins (D:3)
  3 jackals (D:1)
  A quokka (D:3)
  4 frilled lizards
  10 kobolds
  4 rats
80 creatures vanquished.

Vanquished Creatures (others)
  4 plants (D:3)
4 creatures vanquished.

Grand Total: 84 creatures vanquished

Notes
Turn   | Place    | Note
-------+----------+-------------------------------------------
     0 | D:1      | Airmonger the Human Hunter began the quest for the Orb.
     0 | D:1      | Reached XP level 1. HP: 16/16 MP: 1/1
   224 | D:1      | Reached XP level 2. HP: 22/22 MP: 2/2
   781 | D:2      | Reached XP level 3. HP: 27/27 MP: 3/3
   969 | D:2      | Reached skill level 5 in Ranged Weapons
  1269 | D:2      | Found a faded altar of an unknown god.
  1327 | D:3      | Reached XP level 4. HP: 30/33 MP: 4/4
  1351 | D:3      | Found a glowing golden altar of the Shining One.
  1416 | D:3      | Identified the +8 mace of Springtime {heavy, MP+9 Str+4}
  1425 | D:3      | Reached skill level 6 in Ranged Weapons
  1425 | D:3      | Reached XP level 5. HP: 38/38 MP: 5/5
  1471 | D:3      | Noticed Jessica
  1476 | D:3      | Killed Jessica
  1477 | D:3      | Found a hide-covered altar of Uskayaw.
  1623 | D:3      | Found a radiant altar of Vehumet.
  1812 | D:3      | Found Qyduduwk's Book Shoppe.
  2431 | D:4      | Upgraded the game from 0.30-a0-845-g7c6808c8ce to
                  | 0.30-a0-847-g17996783a1
  2522 | D:4      | Found a bloodstained altar of Trog.
  2573 | D:4      | Reached XP level 6. HP: 44/44 MP: 6/6
  2625 | D:4      | Reached skill level 7 in Ranged Weapons
  2868 | D:4      | HP: 2/44 [gnoll/+0 spear[a gnoll bouda] (4)]
  2869 | D:4      | Slain by a gnoll

Illustrated notes

Levels and vault maps discovered:
D:1:      heliophobic_arrival_battle_scene, layout_basic,
          chequers_serial_rivers_large_b
D:2:      layout_basic, hellmonk_ecumenical_altar_leap_of_faith,
          roderic_lattice_a, minmay_splitting_lines, minmay_box_of_dots
D:3:      minmay_diamond_boxcup, layout_basic,
          mainiacjoe_overflow_cross_hatched, mainiacjoe_overflow_catwalk,
          eat_drink_and_be_merry_uskayaw, serial_shops, nicolae_square_shop,
          minmay_circle_x, uniq_jessica
D:4:      layout_rooms, general_overflow_altar,
          hangedman_abyss_or_decor_stagger, grunt_ministairs_11, wad_orctagon

Skill      XL: |  1  2  3  4  5  6 |
---------------+-------------------+-----
Ranged Weapons | 5 6 7 |  7.5
Fighting       | |  2.0
Dodging        | |  2.0
Stealth        | |  1.0

Action                     |  1- 3 |  4- 6 || total
---------------------------+-------+-------++-------
   Fire: Shortbow          |    89 |   155 ||   244
    Use: Potion            |       |     1 ||     1
 Armour: Leather armour    |    11 |     5 ||    16
  Dodge: Dodged            |    17 |    34 ||    51

Table legend: (Time is in decaauts)
 A = Elapsed time spent in this place.
 B = Non-inter-level travel time spent in this place.
 C = Inter-level travel time spent in this place.
 D = Time resting spent in this place.
 E = Time spent auto-exploring this place.
 F = Levels seen in this place.
 G = Mean time per level.
                   A        B        C        D        E       F      G
               +--------+--------+--------+--------+--------+-----+--------+
         Total |   2955 |   2877 |     78 |    209 |   2156 |   4 |  738.8 |
       Dungeon |   2955 |   2877 |     78 |    209 |   2156 |   4 |  738.8 |
               +--------+--------+--------+--------+--------+-----+--------+

Top non-repeatable levels by time:
     D:4: 809 daAuts
     D:3: 782 daAuts
     D:2: 703 daAuts
     D:1: 661 daAuts
